 Dungeon Sprint DCSS version 0.21.1-1-g345015f (webtiles) character file.

4851 Fang the Warrior (level 10, -4/107 HPs)
             Began as a Minotaur Berserker on Apr 30, 2018.
             Was a High Priest of Trog.
             Slain by a greater mummy (16 damage)
             ... in the Dungeon (Sprint V: "Ziggurat Sprint").
             The game lasted 00:03:11 (922 turns).

Fang the Warrior (Minotaur Berserker)                Turns: 922, Time: 00:03:11

Health: -4/107     AC: 19    Str: 32    XL:     10   Next: 25%
Magic:  8/8        EV: 15    Int:  4    God:    Trog [*****.]
Gold:   0          SH:  0    Dex:  9    Spells: 9/9 levels left

rFire    . . .     SeeInvis .   J - +10 zealot's sword {holy, *Rage rN+ EV+3}
rCold    . . .     Gourm    .   (no shield)
rNeg     + . .     Faith    .   j - +5 shadow dragon scales
rPois    .         Spirit   .   (helmet restricted)
rElec    .         Reflect  .   (no cloak)
rCorr    .         Harm     .   (no gloves)
MR       .....     Rnd*Rage +   (no boots) Stlth ++........NoTele +
                                (no amulet)
HPRegen  0.27/turn              G - ring of flight
MPRegen  0.11/turn              F - +6 ring of strength

@: berserk cooldown, slowed, very slow
A: retaliatory headbutt, horns 2, blurry vision 1, low mp 1
a: Berserk, Trog's Hand, Brothers in Arms, Burn Spellbooks, Renounce Religion,
Evoke Flight


You were in the Dungeon.
You worshipped Trog.
Trog was extremely pleased with you.
You were not hungry.

You visited 1 branch

Inventory:

Hand Weapons
 k - a +5 executioner's axe
 l - a +5 demon trident
 J - the +10 zealot's sword (weapon) {holy, *Rage rN+ EV+3}
   (You found it in the Dungeon)

   It has been blessed by the Shining One to cause great damage to the undead
   and demons.
   It affects your evasion (+3).
   It protects you from negative energy.
   It may make you go berserk in combat.
Missiles
 I - 8 poisoned tomahawks (quivered)
Armour
 j - +5 shadow dragon scales (worn)
Jewellery
 A - a +6 ring of dexterity
 B - a +6 ring of dexterity
 F - a +6 ring of strength (right hand)
 G - a ring of flight (left hand)
Wands
 x - a wand of disintegration (7)
 y - a wand of iceblast (7)
 z - a wand of acid (7)
Scrolls
 i - 4 scrolls of blinking
 m - 7 scrolls of fog
 n - a scroll of holy word
 o - 5 scrolls of identify
 p - 5 scrolls of remove curse
 q - 2 scrolls of fear
 E - 4 scrolls of enchant armour
Potions
 d - 10 potions of curing
 e - 10 potions of heal wounds
 f - 6 potions of haste
 g - 7 potions of magic
 h - 3 potions of berserk rage
 r - 2 potions of brilliance
 s - 2 potions of invisibility
 t - 4 potions of resistance
 u - a potion of experience
 v - 5 potions of agility
 w - 5 potions of might
Miscellaneous
 a - a phial of floods
 b - a sack of spiders
 C - a lamp of fire
 H - a phial of floods
Comestibles
 c - 6 rations


   Skills:
 + Level 15.9 Fighting
 + Level 14.0(16.4) Axes
   Level 7.9(12.0) Maces & Flails
 + Level 13.0(15.4) Polearms
 + Level 10.4 Armour
 + Level 6.8 Dodging


You had 9 spell levels left.
You didn't know any spells.

Dungeon Overview and Level Annotations

Branches:
Dungeon (1/1)

Altars:
Ashenzari
Cheibriados
Dithmenos
Elyvilon
Fedhas
Gozag
Hepliaklqana
Kikubaaqudgha
Makhleb
Nemelex Xobeh
Okawaru
Qazlal
Ru
Sif Muna
Trog
Uskayaw
Vehumet
Wu Jian
Xom
Yredelemnul
Zin
The Shining One
Beogh
Jiyva
Lugonu

Annotations:
D 1 transporter


Innate Abilities, Weirdness & Mutations

You reflexively headbutt those who attack you in melee.
You have a pair of horns on your head.
Scrolls take you a little longer to read.
Your magical capacity is low. (-10% MP)


Message History

You destroy the mummy!
Trog accepts your kill. The ice devil hits you! The ice devil freezes you!!
* * * LOW HITPOINT WARNING * * *
The mummy priest prays to its god.
You are too injured to fight recklessly!
Unknown command.
You are too injured to fight recklessly!
Unknown command.
You are too injured to fight recklessly!
You slice the mummy!!
You destroy the mummy!
Trog accepts your kill. Something appears at your feet!
Trog grants you a weapon!
The greater mummy calls on the powers of darkness!
Your body is wracked with pain!
* * * LOW HITPOINT WARNING * * *
The ice devil closely misses you. The greater mummy hits you!
You die...

▓.▓.).▓.▓
▓...©...▓
▓▓▓▓▓▓▓▓▓
▓..8©8..▓
▓..)=|..▓
▓..W|[..▓
▓..M....▓
▓.M4Mn..▓
▓..@M...▓
▓.......▓
▓.▓...▓.▓
▓...©...▓
▓▓▓▓▓▓▓▓▓


You could see a greater mummy, a mummy priest, an ice devil, a wraith, a
necrophage and 2 mummies.

Vanquished Creatures
  A yaktaur captain (D)
  A sea snake (shapeshifter) (D)
  2 ugly things (D)
  An orb spider (shapeshifter) (D)
  A shining eye (D)
  A cyclops (D)
  A yaktaur (D)
  2 air elementals (D)
  A human (shapeshifter) (D)
  A yak (D)
  A hog (shapeshifter) (D)
  A golden eye (D)
  A hell hound (D)
  A floating eye (D)
  2 eyes of draining (D)
  A jelly (D)
  2 mummies (D)
  A bat skeleton (D)
  A jackal (D)
  A leopard gecko zombie (D)
24 creatures vanquished.

Vanquished Creatures (others)
  2 spatial maelstroms (D)
  2 insubstantial wisps (D)
4 creatures vanquished.

Grand Total: 28 creatures vanquished

Notes
Turn   | Place    | Note
-------+----------+-------------------------------------------
     0 | D        | Found the +6 Majin-Bo {vamp, Archmagi MP+6 Int+6}
     0 | D        | Found the +7 great mace "Firestarter" {inner flame, rF++}
     0 | D        | Fang the Minotaur Berserker began the quest for the Orb.
     0 | D        | Reached XP level 1. HP: 19/19 MP: 0/0
     0 | D        | Banished a spatial maelstrom
     5 | D        | Found a blossoming altar of Fedhas.
     6 | D        | Found a viscous altar of Jiyva.
     6 | D        | Found a hazy altar of Hepliaklqana.
     6 | D        | Found a transporter.
     6 | D        | Found an opulent altar of Gozag.
     6 | D        | Found an ancient bone altar of Kikubaaqudgha.
     6 | D        | Found a corrupted altar of Lugonu.
    12 | D        | Found a burning altar of Makhleb.
    13 | D        | Found a stormy altar of Qazlal.
    13 | D        | Found a sacrificial altar of Ru.
    13 | D        | Found an iron altar of Okawaru.
    13 | D        | Found a deep blue altar of Sif Muna.
    13 | D        | Found a sparkling altar of Nemelex Xobeh.
    13 | D        | Found a bloodstained altar of Trog.
    16 | D        | Banished a spatial maelstrom
    73 | D        | Entered arena 2.
    73 | D        | Noticed a yak
    73 | D        | Found a transporter.
    77 | D        | Killed a yak
    77 | D        | Reached skill level 8 in Fighting
    77 | D        | Reached XP level 2. HP: 35/35 MP: 1/1
    77 | D        | Reached XP level 3. HP: 40/40 MP: 2/2
    77 | D        | Reached XP level 4. HP: 48/48 MP: 3/3
    77 | D        | Reached XP level 5. HP: 53/53 MP: 4/4
   134 | D        | Entered arena 3.
   134 | D        | Noticed a hell hound
   134 | D        | Found a transporter.
   136 | D        | Reached ** piety under Trog
   140 | D        | Killed a hell hound
   140 | D        | Reached skill level 9 in Fighting
   140 | D        | Reached skill level 5 in Armour
   180 | D        | Entered arena 4.
   180 | D        | Noticed a cyan ugly thing
   180 | D        | Noticed a yaktaur
   180 | D        | Noticed a cyclops
   180 | D        | Noticed a yaktaur captain
   180 | D        | Found a transporter.
   190 | D        | Killed a cyan ugly thing
   190 | D        | Reached skill level 11 in Fighting
   190 | D        | Reached skill level 5 in Dodging
   190 | D        | Reached XP level 6. HP: 24/70 MP: 5/5
   190 | D        | Reached XP level 7. HP: 26/75 MP: 6/6
   192 | D        | Killed a cyclops
   192 | D        | Reached *** piety under Trog
   192 | D        | Reached skill level 12 in Fighting
   192 | D        | Reached XP level 8. HP: 11/85 MP: 7/7
   192 | D        | Killed a yaktaur captain
   192 | D        | Reached skill level 14 in Fighting
   192 | D        | Reached skill level 10 in Polearms
   197 | D        | Killed a yaktaur
   197 | D        | Reached XP level 9. HP: 8/96 MP: 8/8
   210 | D        | Reached **** piety under Trog
   213 | D        | Got the +9 whip "Ussew" {freeze, +Rage +Fly rN+}
   526 | D        | Entered arena 5.
   526 | D        | Found a transporter.
   537 | D        | Reached skill level 1 in Maces & Flails
   756 | D        | Entered arena 6.
   756 | D        | Found a transporter.
   760 | D        | Paralysed by a floating eye for 2 turns
   764 | D        | Paralysed by a floating eye for 3 turns
   781 | D        | Reached ***** piety under Trog
   794 | D        | Reached skill level 15 in Fighting
   833 | D        | Received a gift from Trog
   842 | D        | Entered arena 7.
   842 | D        | Noticed a sea snake
   842 | D        | Noticed an orb spider
   842 | D        | Noticed a shining eye
   842 | D        | Noticed a green ugly thing
   843 | D        | Found the +10 zealot's sword {holy, *Rage rN+ EV+3}
   845 | D        | Found a transporter.
   847 | D        | Killed a sea snake
   847 | D        | Received a gift from Trog
   847 | D        | Reached skill level 5 in Maces & Flails
   847 | D        | Gained mutation: Your magical capacity is low. (-10% MP) [a shining eye]
   851 | D        | Killed a green ugly thing
   853 | D        | Gained mutation: Scrolls take you a little longer to read. [a shining eye]
   855 | D        | Killed a shining eye
   855 | D        | Reached skill level 10 in Armour
   855 | D        | Reached XP level 10. HP: 106/106 MP: 6/8
   869 | D        | Killed an orb spider
   916 | D        | Entered arena 8.
   916 | D        | Noticed a mummy priest
   916 | D        | Noticed a greater mummy
   918 | D        | Found a transporter.
   922 | D        | Received a gift from Trog
   922 | D        | Slain by a greater mummy

Skill      XL: |  1  2  3  4  5  6  7  8  9 10 |
---------------+-------------------------------+-----
Fighting       | 8 11 12 14 15 | 15.9
Axes           | 8 11 12 13 14 | 14.0
Polearms       | 2 7 8 10 12 13 | 13.0
Armour         | 4 6 7 10 | 10.4
Dodging        | 3 5 6 |  6.8
Maces & Flails | 6 7 |  7.9

Action                   |  1- 3 |  4- 6 |  7- 9 | 10-12 || total
-------------------------+-------+-------+-------+-------++-------
Melee: Demon trident     |     3 |    16 |     4 |       ||    23
       Headbutt          |       |     4 |    13 |     3 ||    20
       Whip              |       |       |    28 |     9 ||    37
       Eudemon blade     |       |       |       |     2 ||     2
Invok: Berserk           |     1 |     2 |     1 |     1 ||     5
       Burn Spellbooks   |       |       |     2 |     1 ||     3
  Eat: Ration            |       |       |     1 |       ||     1
       Chunk             |       |       |     1 |       ||     1
Armor: Shadow dragon sca |       |     3 |    21 |     1 ||    25
Dodge: Dodged            |     2 |     8 |    18 |     3 ||    31
       Rpst.: Eudemon blade |       |       |       |     1 ||     1
